 Dungeon Crawl Stone Soup version 0.21.1-1-g345015f (webtiles) character file.

174 eccles the Bolt Thrower (level 5, -6/42 HPs)
             Began as a Centaur Hunter on July 12, 2018.
             Mangled by Grinder (7 damage)
             ... on level 2 of the Dungeon on July 13, 2018.
             The game lasted 00:13:36 (2279 turns).

eccles the Bolt Thrower (Centaur Hunter)            Turns: 2279, Time: 00:13:37

Health: -6/42      AC:  5    Str: 14    XL:     5   Next: 28%
Magic:  5/5        EV:  9    Int: 10    God:
Gold:   140        SH:  4    Dex: 11    Spells: 4/4 levels left

rFire    . . .     SeeInvis .   b - +0 short sword
rCold    . . .     Gourm    .   (no shield)
rNeg     . . .     Faith    .   c - +0 leather armour
rPois    .         Spirit   .   (no helmet)
rElec    +         Reflect  .   (no cloak)
rCorr    .         Harm     .   h - +0 pair of gloves
MR       .....                  (no barding)
Stlth    +.........             (no amulet)
HPRegen  0.14/turn              (no ring)
MPRegen  0.09/turn              (no ring)

@: about to teleport, very quick
A: large, hooves 3, large bone plates 1, deformed body, speed 2, electricity
resistance, tough skin 3
a: no special abilities


You were on level 2 of the Dungeon.
You were not hungry.

You visited 1 branch of the dungeon, and saw 3 of its levels.

You collected 140 gold pieces.

Inventory:

Hand Weapons
 a - a +1 hand crossbow
 b - a +0 short sword (weapon)
Armour
 c - a +0 leather armour (worn)
 h - a +0 pair of gloves (worn)
Jewellery
 i - an uncursed ring of wizardry
Scrolls
 g - 3 scrolls of identify
 k - a scroll of enchant weapon {unknown}
Comestibles
 d - 2 chunks of flesh
 f - 4 rations


   Skills:
 + Level 2.5 Fighting
 * Level 6.5 Crossbows
 + Level 0.8 Armour
 + Level 1.7 Dodging
 + Level 0.4 Stealth


You had 4 spell levels left.
You didn't know any spells.

Dungeon Overview and Level Annotations

Branches:
Dungeon (3/15)

Altars:
Uskayaw

Annotations:
D:2 Grinder


Innate Abilities, Weirdness & Mutations

You have hooves in place of feet.
Armour fits poorly on your strangely shaped body.
You cover ground very quickly.
You have extremely tough skin. (AC +3)
You are partially covered in large bone plates. (SH +4)
You are resistant to electric shocks. (rElec)


Message History

The gnoll barely misses you. Grinder hits you.
You writhe in agony.
You hit the gnoll shaman. Your kick misses the gnoll shaman.
The gnoll shaman is almost dead.
The gnoll shaman calls upon its god to speed up the gnoll.
The gnoll seems to speed up.
You block the gnoll's attack. Grinder hits you.
You writhe in agony.
You barely miss the gnoll shaman.
You kill the gnoll shaman!
You block the gnoll's attack. Grinder hits you.
The gnoll hits you with a flail of protection!
* * * LOW HITPOINT WARNING * * *
The gnoll misses you. Grinder barely misses you.
You climb upwards.
There is a stone staircase leading down here.
As you read the scroll labeled GILUM ODGHA, it crumbles to dust.
You feel strangely unstable.
It was a scroll of teleportation.
The gnoll barely misses you. The gnoll hits you with a whip.
* * * LOW HITPOINT WARNING * * *
Grinder hits you!
You die...

##### #...# #...# #...#
#...# ####...###
.........#
.#######.######### .#
### #......g5@#
.#######..######g#
.'.._..+..# #.#
.###.###..# #.# .# #.#
#.## #.#
.###'###.#######.#
.................#
.##..##################
####.#........##......#


You could see Grinder and 2 gnolls.

Vanquished Creatures
  A gnoll shaman (D:3)
  An orc wizard (D:3)
  Jessica (D:2)
  A gnoll (D:3)
  5 adders
  A worm (D:2)
  2 dart slugs (D:1)
  A leopard gecko (D:2)
  2 orcs (D:3)
  A giant cockroach (D:1)
  2 hobgoblins (D:1)
  2 kobolds (D:1)
  A quokka (D:2)
  2 bats
  5 frilled lizards
  3 goblins
  3 rats (D:1)
34 creatures vanquished.

Notes
Turn   | Place    | Note
-------+----------+-------------------------------------------
     0 | D:1      | eccles the Centaur Hunter began the quest for the Orb.
     0 | D:1      | Reached XP level 1. HP: 17/17 MP: 1/1
   136 | D:1      | Reached XP level 2. HP: 22/24 MP: 2/2
   729 | D:2      | Reached skill level 5 in Crossbows
   774 | D:2      | Noticed Jessica
   774 | D:2      | Reached XP level 3. HP: 29/29 MP: 3/3
   775 | D:2      | Killed Jessica
   817 | D:2      | Found a hide-covered altar of Uskayaw.
   919 | D:2      | Reached XP level 4. HP: 18/36 MP: 4/4
  1256 | D:2      | Reached skill level 6 in Crossbows
  1453 | D:2      | Gained mutation: You are resistant to electric shocks. (rElec) [potion of mutation]
  1453 | D:2      | Gained mutation: You are partially covered in large bone plates. (SH +4) [potion of mutation]
  2226 | D:3      | Noticed Grinder
  2229 | D:3      | Reached XP level 5. HP: 42/42 MP: 5/5
  2279 | D:2      | HP: 1/42 [gnoll/whip (2)]
  2279 | D:2      | Mangled by Grinder

Skill      XL: |  1  2  3  4 |
---------------+-------------+-----
Crossbows      | 5 6 |  6.5
Fighting       | |  2.5
Armour         | |  0.8
Dodging        | |  1.7
Stealth        | |  0.4

Action                   |  1- 3 |  4- 6 || total
-------------------------+-------+-------++-------
Melee: Short sword       |       |    29 ||    29
       Kick              |       |     8 ||     8
 Fire: Hand crossbow     |    58 |    33 ||    91
  Use: Potion            |     2 |     4 ||     6
       Scroll            |     2 |     2 ||     4
  Eat: Ration            |       |     1 ||     1
Armor: Leather armour    |     8 |    21 ||    29
Dodge: Dodged            |    15 |    39 ||    54
Block: Other             |       |    12 ||    12
